 Dungeon Crawl Stone Soup version 0.31-a0-167-g1c394c0614 (webtiles) character file.

Game seed: 17709169609066970713

581 qw the Shooter (level 7, -2/44 HPs)
             Began as a Gargoyle Hunter on June 14, 2023.
             Slain by Pikel
             ... wielding a +0 whip of freezing
              (5 damage)
             ... on level 4 of the Dungeon.
             The game lasted 00:01:17 (2808 turns).

qw the Shooter (Gargoyle Hunter)                    Turns: 2808, Time: 00:01:18

Health: -2/44      AC: 10    Str: 15    XL:     7   Next: 36%
Magic:  7/7        EV: 13    Int:  9    God:
Gold:   585        SH:  0    Dex: 21    Spells: 6/6 levels left

rFire   . . .        Y - +0 shortbow (heavy)
rCold   . . .        (shield currently unavailable)
rNeg    + . .        c - +1 leather armour {rPois}
rPois   inf          e - +0 helmet
rElec   +            (no cloak)
rCorr   .            (no gloves)
SInv    .            (no boots)
Will    .....        l - amulet of regeneration
Stlth   ++           m - +6 ring of dexterity
HPRegen 1.07/turn    (no ring)
MPRegen 0.10/turn

%: no passive effects
@: no status effects
A: sickness immunity, AC +4, negative energy resistance 1, electricity
resistance, torment resistance 1, petrification resistance
a: no special abilities


You were on level 4 of the Dungeon.
You visited 2 branches of the dungeon, and saw 5 of its levels.

You collected 585 gold pieces.


Innate Abilities, Weirdness & Mutations

You are immune to sickness and miasma.
Your stone body is resilient. (AC +4)
You are immune to poison.
You resist negative energy. (rN+)
You are resistant to electric shocks. (rElec)
You are resistant to unholy torment.
You are immune to petrification.


   Skills:
 - Level 4.3 Fighting
 + Level 6.5 Ranged Weapons
 - Level 3.1 Armour
 - Level 3.0 Dodging
 - Level 1.1 Stealth


You had 6 spell levels left.
You didn't know any spells.
Your spell library was empty.

Inventory:

Hand Weapons
 Y - a +0 heavy shortbow (weapon)
Armour
 c - a +1 leather armour of poison resistance (worn)
 e - a +0 helmet (worn)
Jewellery
 l - an amulet of regeneration (around neck)
 m - a +6 ring of dexterity (left hand)
Scrolls
 k - a scroll of identify
 p - 2 scrolls of brand weapon
Potions
 a - a potion of attraction {unknown}
 b - a potion of degeneration {unknown}
 d - a potion of might {unknown}
 f - 2 potions of lignification
 g - a potion of mutation {unknown}
 h - a potion of enlightenment {unknown}
 i - 4 potions of curing
 n - a potion of invisibility {unknown}

Dungeon Overview and Level Annotations

Branches:
Dungeon (4/15)             Temple (1/1) D:4

Altars:
Cheibriados
Dithmenos
Elyvilon
Fedhas
Gozag
Hepliaklqana
Kikubaaqudgha
Makhleb
Qazlal
Ru
Vehumet
Wu Jian
Yredelemnul
The Shining One

Annotations:
D:4 Pikel


Message History

Pikel freezes you. The lemure misses you.
The lemure hits you but does no damage. x2; Pikel barely misses you.
You shoot an arrow. The arrow completely misses Pikel.
The lemure closely misses you. The lemure hits you! Pikel barely misses you.
Pikel misses you. The lemure hits you. The lemure barely misses you.
You shoot an arrow.
The arrow hits Pikel but does no damage.
Pikel is lightly wounded.
The lemure misses you. The lemure closely misses you.
Pikel says, "You'll make a fine lemure."
Pikel barely misses you.
You shoot an arrow. The arrow closely misses Pikel.
The lemure hits you! Pikel hits you but does no damage.
The lemure barely misses you. The lemure hits you but does no damage.
The lemure closely misses you. Pikel hits you but does no damage.
You shoot an arrow. The arrow hits Pikel!
Pikel is moderately wounded.
The lemure misses you. The lemure hits you. Pikel barely misses you.
Pikel hits you but does no damage. The lemure closely misses you.
The lemure misses you.
You shoot an arrow. The arrow closely misses Pikel.
The lemure hits you but does no damage. The lemure closely misses you.
Pikel hits you with a +0 whip of freezing.
Pikel freezes you.
You shoot an arrow. The arrow closely misses Pikel.
The lemure hits you but does no damage. x2; Pikel completely misses you.
Pikel misses you. The lemure hits you but does no damage. The lemure hits you.
You shoot an arrow.
The arrow hits Pikel but does no damage.
Pikel is moderately wounded.
The lemure hits you but does no damage. The lemure barely misses you.
Pikel hits you but does no damage.
You shoot an arrow. The arrow hits Pikel.
Pikel is heavily wounded.
The lemure barely misses you.
Pikel hits you with a +0 whip of freezing!
Pikel freezes you. The lemure hits you but does no damage.
The lemure barely misses you. x2
Pikel hits you with a +0 whip of freezing.
You die...

..#.#..#.##...............#
...#...#.##.........#######
..#.#..#.##.........#
#.....##.##.........########
#.....# ...................
###########.....<...########
.'%......##.........#
##%.#.#..##.........#
###.....###.....@...# #
##.#.##......5K5..# #...#
........#### ##.## .........
### ......... .###......
....... .........


You could see Pikel and 2 lemures.

Vanquished Creatures
  Eustachio (D:4)
  An ogre (D:4)
  2 lemures (D:4)
  2 scorpions (D:4)
  A gnoll bouda (D:4)
  An orc priest (D:3)
  An orc wizard (D:4)
  6 adders
  An ufetubus (D:4)
  A worm (D:4)
  4 dart slugs
  16 orcs
  3 ball pythons
  9 endoplasms
  4 giant cockroaches
  5 goblins
  5 hobgoblins
  4 quokkas
  8 bats
  3 frilled lizards
  7 kobolds
  2 rats (D:1)
87 creatures vanquished.

Notes
Turn   | Place    | Note
-------+----------+-------------------------------------------
     0 | D:1      | qw the Gargoyle Hunter began the quest for the Orb.
     0 | D:1      | Reached XP level 1. HP: 12/12 MP: 1/1
     0 | D:1      | 0 ||| qw: Version: 0.2-a-29-g1fa15c8
     0 | D:1      | 0 ||| qw: Game counter: 4917
     0 | D:1      | 0 ||| qw: Always use a shield: true
     0 | D:1      | 0 ||| qw: God list: Okawaru
     0 | D:1      | 0 ||| qw: Allow faded altars: false
     0 | D:1      | 0 ||| qw: Do Orc after D:15 true
     0 | D:1      | 0 ||| qw: Do second Lair branch before Depths: true
     0 | D:1      | 0 ||| qw: Lair rune preference: random
     0 | D:1      | 0 ||| qw: Plans: Normal, Zot:1-4, Slime:5, God:TSO, Crypt,
                  | Tomb, Abyss, Pan, Hells, Win
     0 | D:1      | 0 ||| PLANNING D:1-11
   143 | D:1      | Reached XP level 2. HP: 17/17 MP: 2/2
   174 | D:1      | Found a faded altar of an unknown god.
   518 | D:1      | Reached XP level 3. HP: 21/21 MP: 3/3
   615 | D:1      | 615 ||| UPGRADING to +0 helmet.
   620 | D:1      | 620 ||| READING scroll labelled DACADO NILIUV.
   621 | D:1      | 621 ||| READING scroll labelled ZOURIRUGOI.
   622 | D:1      | 622 ||| READING scroll labelled CUSIUBEGET.
   623 | D:1      | 623 ||| READING scroll labelled JEACWU JUHE.
   624 | D:1      | 624 ||| READING scroll labelled MAONIE MAOFF.
   625 | D:1      | 625 ||| READING scroll labelled ZALLOR TIGEWK.
   626 | D:1      | 626 ||| DRINKING 2 fuming amethyst potions.
   627 | D:1      | 627 ||| DROPPING scroll of butterflies.
   665 | D:2      | Reached skill level 5 in Ranged Weapons
  1055 | D:2      | 1055 ||| READING scroll labelled ILYDGHY CIQUST.
  1119 | D:3      | Reached skill level 3 in Fighting
  1189 | D:3      | Found a blossoming altar of Fedhas.
  1263 | D:3      | Reached XP level 4. HP: 24/28 MP: 4/4
  1490 | D:3      | Found a basalt altar of Yredelemnul.
  1683 | D:3      | Found a white marble altar of Elyvilon.
  1892 | D:3      | 1892 ||| FLEEEEING.
  1893 | D:3      | 1893 ||| FLEEEEING.
  1894 | D:3      | 1894 ||| FLEEEEING.
  1895 | D:3      | 1895 ||| FLEEEEING.
  1896 | D:3      | 1896 ||| FLEEEEING.
  1897 | D:3      | 1897 ||| FLEEEEING.
  1898 | D:3      | 1898 ||| FLEEEEING.
  1900 | D:3      | 1900 ||| FLEEEEING.
  1901 | D:3      | 1901 ||| FLEEEEING.
  1902 | D:3      | 1902 ||| FLEEEEING.
  1903 | D:3      | 1903 ||| FLEEEEING.
  1904 | D:3      | 1904 ||| FLEEEEING.
  1905 | D:3      | 1905 ||| FLEEEEING.
  1906 | D:3      | 1906 ||| FLEEEEING.
  1908 | D:3      | 1908 ||| FLEEEEING.
  1909 | D:3      | 1909 ||| FLEEEEING.
  1910 | D:3      | 1910 ||| FLEEEEING.
  1911 | D:3      | 1911 ||| FLEEEEING.
  1912 | D:3      | 1912 ||| FLEEEEING.
  1913 | D:3      | 1913 ||| FLEEEEING.
  1914 | D:3      | 1914 ||| FLEEEEING.
  1915 | D:3      | 1915 ||| FLEEEEING.
  1916 | D:3      | 1916 ||| FLEEEEING.
  1917 | D:3      | 1917 ||| FLEEEEING.
  1918 | D:3      | 1918 ||| FLEEEEING.
  1919 | D:3      | 1919 ||| FLEEEEING.
  1920 | D:3      | 1920 ||| FLEEEEING.
  1921 | D:3      | 1921 ||| FLEEEEING.
  1922 | D:3      | 1922 ||| STAIRDANCE
  1938 | D:2      | 1938 ||| UPGRADING to +0 ring mail.
  1948 | D:2      | 1948 ||| DROPPING +0 leather armour.
  1949 | D:2      | 1949 ||| UPGRADING to amulet of regeneration.
  1954 | D:2      | 1954 ||| UPGRADING to +6 ring of dexterity.
  1955 | D:2      | 1955 ||| DRINKING 3 smoky sapphire potions.
  1989 | D:3      | 1989 ||| STAIRDANCE
  2153 | D:3      | 2153 ||| READING scroll labelled RAYR COMOSICSI.
  2158 | D:3      | 2158 ||| READING 3 scrolls labelled SEAZOESTEKK.
  2202 | D:4      | Noticed an ogre
  2208 | D:4      | HP: 7/28 [ogre/+0 giant club (6)]
  2213 | D:4      | Killed an ogre
  2213 | D:4      | HP: 4/28 [frozen (5)]
  2214 | D:4      | Reached skill level 3 in Armour
  2214 | D:4      | Reached XP level 5. HP: 4/32 MP: 5/5
  2277 | D:4      | 2277 ||| Stepping ~*~*~tactically~*~*~ (outnumbered).
  2279 | D:4      | 2279 ||| Stepping ~*~*~tactically~*~*~ (outnumbered).
  2307 | D:4      | Reached skill level 6 in Ranged Weapons
  2307 | D:4      | Reached XP level 6. HP: 37/37 MP: 6/6
  2604 | D:4      | Noticed Eustachio
  2614 | D:4      | Killed Eustachio
  2615 | D:4      | Reached skill level 3 in Dodging
  2615 | D:4      | Reached XP level 7. HP: 23/44 MP: 7/7
  2634 | D:4      | Found a staircase to the Ecumenical Temple.
  2635 | D:4      | 2635 ||| PLANNING TEMPLE
  2635 | D:4      | 2635 ||| UPGRADING to +1 leather armour of poison
                  | resistance.
  2645 | D:4      | 2645 ||| DROPPING +0 ring mail.
  2646 | D:4      | 2646 ||| DROPPING potion of brilliance.
  2655 | Temple   | Entered the Ecumenical Temple
  2728 | Temple   | 2728 ||| PLANNING D:1-11
  2791 | D:4      | Noticed Pikel
  2805 | D:4      | HP: 11/44 [Pikel/+0 whip of freezing (1)]
  2808 | D:4      | HP: 4/44 [Pikel/+0 whip of freezing (7)]
  2808 | D:4      | Slain by Pikel

Levels and vault maps discovered:
D:1:      dpeg_arrival_stonehenge_8_columns, layout_basic,
          basic_ecumenical_altar, serial_park_tiny_1
D:2:      layout_rooms
D:3:      layout_basic, kennysheep_ying_yang, fedhas_altar_1
D:4:      minmay_polygon_palace, layout_basic, marbit_many_paths,
          minmay_temple_entry_purple_smoke, dreamdust_wishing_well, uniq_pikel,
          uniq_eustachio
Temple:   jpeg_temple_clearing

Skill      XL: |  1  2  3  4  5  6 |
---------------+-------------------+-----
Ranged Weapons | 5 6 |  6.5
Fighting       | 3 4 |  4.3
Armour         | 3 |  3.1
Dodging        | 3 |  3.0
Stealth        | |  1.1

Action                     |  1- 3 |  4- 6 |  7- 9 || total
---------------------------+-------+-------+-------++-------
   Fire: Shortbow          |   109 |   118 |    38 ||   265
    Use: Scroll            |     7 |     2 |       ||     9
         Potion            |     1 |     1 |       ||     2
 Armour: Leather armour    |    18 |       |    24 ||    42
         Ring mail         |       |    34 |    13 ||    47
  Dodge: Dodged            |    13 |    55 |    34 ||   102

Table legend:
 A = Non-vault XP
 B = Vault XP
 C = Vault XP percentage of total XP
 D = Non-vault monster count
 E = Vault monster count
 F = Vault count percentage of total count
                 A         B        C        D         E       F
            +---------+---------+-------+---------+---------+-------
      Total |     440 |     391 |  47.1 |      67 |      18 |  21.2
            +---------+---------+-------+---------+---------+-------
        D:1 |      34 |       0 |   0.0 |      20 |       0 |   0.0
        D:2 |      36 |       0 |   0.0 |      14 |       0 |   0.0
        D:3 |      91 |       0 |   0.0 |      21 |       0 |   0.0
        D:4 |     279 |     391 |  58.4 |      12 |      18 |  60.0
            +---------+---------+-------+---------+---------+-------
